AoeStats
← valentindumitrasko

Arena

510879126Analyzed
1v1 RM · 10h ago on Oct 2, 2026· 61m 52s· 2 players
Game mode
Random Map
Map size
Tiny (2 player)
Population
200
Speed
Normal
Resources
Standard
Victory
Conquest
Starting age
Dark Age
Ending age
Imperial Age
RankedLock teamsTeams togetherTeam positionsShared explorationLock speedFull tech treeHidden civsTurbo modeCheats
Victory
Defeat
🇺🇸 Khmer · United States
472
+19
🇲🇩 Saxons · Moldova
537
-19
York
6:01 Loom
9:18 Feudal Age
11:30 Horse Collar
12:10 Double-Bit Axe
13:18 Scale Barding Armor
14:23 Forging
21:04 Castle Age
20:31 Bloodlines
21:39 Light Cavalry
23:37 Bow Saw
24:36 Husbandry
31:57 Gold Mining
38:34 Imperial Age
38:43 Chain Barding Armor
38:59 Iron Casting
40:18 Double Crossbow
40:20 Tusk Swords
39:59 Hussar
44:18 Elite Battle Elephant
46:59 Plate Barding Armor
47:25 Blast Furnace
51:53 Heavy Scorpion
54:59 Ballistics
54:50 Siege Engineers
55:18 Murder Holes
valentindumitrasko
10:05 Feudal Age
11:17 Double-Bit Axe
15:03 Wheelbarrow
14:11 Horse Collar
14:20 Loom
17:44 Castle Age
16:26 Stone Mining
16:27 Gold Mining
19:01 Heavy Plow
19:57 Gold Shaft Mining
20:00 Bow Saw
24:11 Squires
23:58 Arson
23:58 Gambesons
25:17 Pikeman
26:33 Hand Cart
26:05 Loom
27:52 Husbandry
28:03 Bloodlines
33:48 Imperial Age
32:54 Town Watch
33:31 Fortified Wall
33:17 Murder Holes
33:33 Masonry
33:03 Treadmill Crane
33:44 Ballistics
33:50 Thumb Ring
33:08 Crossbowman
35:42 Conscription
34:47 Shield Wall
36:04 Hoardings
35:19 Arrowslits
35:39 Clerical Recruitment
38:00 Town Patrol
39:29 Illumination
39:20 Block Printing
39:53 Architecture
39:28 Siege Engineers
40:38 Theocracy
41:47 Chemistry
41:15 Fletching
41:26 Padded Archer Armor
41:27 Scale Mail Armor
41:38 Forging
41:34 Scale Barding Armor
42:21 Sanctity
42:29 Redemption
42:50 Arbalester
48:56 Onager
53:10 Leather Archer Armor
52:51 Bodkin Arrow
54:43 Guilds
54:28 Elite Varangian Guard
56:39 Light Cavalry
60:55 Elite Skirmisher
62:15 Iron Casting
Connection lost

Rejoining the realm…

Still unreachable

The connection could not be restored.

Session expired

The server has moved on; the page needs a fresh start.